 Dungeon Crawl Stone Soup version 0.28-a0-1510-gd0f6b136d3 (webtiles) character file.

Game seed: 16536938587354415250

33 Lobster4 the Caller (level 3, -4/26 HPs)
             Began as a Barachi Summoner on Jan 16, 2022.
             Frozen to death by an endoplasm (5 damage)
             ... on level 2 of the Dungeon.
             The game lasted 00:04:50 (1444 turns).

Lobster4 the Caller (Barachi Summoner)              Turns: 1444, Time: 00:04:50

Health: -4/26      AC:  5    Str:  9    XL:     3   Next: 29%
Magic:  4/6        EV: 11    Int: 17    God:
Gold:   23         SH:  3    Dex: 12    Spells: 4/7 levels left

rFire   . . .      SeeInvis .   a - +0 flail
rCold   . . .      Faith    .   k - +0 buckler
rNeg    . . .      Spirit   .   m - +0 leather armour
rPois   .          Reflect  .   h - +1 helmet
rElec   .          Harm     .   (no cloak)
rCorr   .          Rampage  .   (no gloves)
Will    .....                   (no boots)
Stlth   ++........              (no amulet)
HPRegen 0.08/turn               (no ring)
MPRegen 0.10/turn               (no ring)

@: slow
A: amphibious, slowness 1, strong legs 1, +LOS
a: Hop


You were on level 2 of the Dungeon.
You visited 1 branch of the dungeon, and saw 2 of its levels.

You collected 23 gold pieces.

Inventory:

Hand Weapons
 a - a +0 flail (weapon)
 l - a +0 short sword
Missiles
 e - 24 stones
Armour
 h - a +1 helmet (worn)
 j - a +0 robe
 k - a +0 buckler (worn)
 m - a +0 leather armour (worn)
Scrolls
 b - a scroll of torment {unknown}
 c - a scroll of fog {unknown}
 d - a scroll of immolation
Potions
 f - a potion of degeneration {unknown}
 g - a potion of ambrosia {unknown}
 i - a potion of lignification {unknown}


   Skills:
 + Level 1.3 Fighting
 + Level 0.0 Armour
 - Level 2.1 Dodging
 - Level 2.0 Stealth
 + Level 0.5 Shields
 + Level 2.5 Spellcasting
 * Level 5.4 Summonings


You had 4 spell levels left.
You knew the following spells:

 Your Spells              Type           Power      Damage    Failure   Level
a - Summon Small Mammal   Summ           80%        N/A       3%          1
b - Call Imp              Summ           20%        N/A       6%          2

Your spell library contained the following spells:

 Spells                   Type           Power      Damage    Failure   Level
 Call Canine Familiar     Summ           20%        N/A       12%         3
 Summon Guardian Golem    Hex/Summ       11%        N/A       34%         3
 Summon Lightning Spire   Summ/Air       11%        N/A       75%         4


Dungeon Overview and Level Annotations

Branches:
Dungeon (2/15)

Altars:

Shops:
D:2 (

Annotations:
D:2 Sigmund


Innate Abilities, Weirdness & Mutations

You are amphibious.
You cover ground slowly.
You can hop short distances.
You have an extended range of vision and can be seen from far away.


Message History

Unknown command.
Casting: Summon Small Mammal (safe; 3% risk of failure)
Confirm with . or Enter, or press ? or * to list all spells.
The gnoll shouts!
A gnoll comes into view. It is wielding a +0 flail.
Unknown command.
Your bat closely misses the gnoll.
The gnoll hits your bat with a +0 flail.
Your bat dies!
Your bat's corpse disappears in a puff of smoke!
The gnoll barely misses your crimson imp.
Your bat completely misses the gnoll.
The gnoll closely misses your crimson imp.
Your crimson imp hits the gnoll.
The gnoll closely misses your crimson imp.
The gnoll barely misses your bat.
Your bat hits the gnoll.
Your crimson imp barely misses the gnoll.
The gnoll closely misses your crimson imp.
The gnoll hits your crimson imp with a +0 flail.
Your crimson imp barely misses the gnoll.
The gnoll hits your bat with a +0 flail!
Your bat dies!
Your bat's corpse disappears in a puff of smoke!
Your crimson imp hits the gnoll but does no damage.
The gnoll hits your crimson imp with a +0 flail!
Your crimson imp dies!
Your crimson imp disappears in a puff of smoke!
There is a stone staircase leading up here.
The endoplasm closely misses you.
You hit the endoplasm.
The endoplasm is heavily wounded.
The gnoll barely misses you. The endoplasm hits you.
The gnoll hits you from afar with a +0 spear!
The gnoll hits you with a +0 flail!
There is a stone staircase leading up here.
The gnoll hits you from afar with a +0 spear!
* * * LOW HITPOINT WARNING * * *
The endoplasm freezes you.
You are frozen.
You die...

## ... #.. ... ####
#.# ... ...####.#
#### ...
###......#### .....
...
........ggJ@##.....#
...
.........g#.†......#
...
..........g........#
...
.!.........###......
... ...........#
.....# ...
...........# ....#
#.. ...!.:.....#
#### ###
..........##
.........#.


You could see 4 gnolls and an endoplasm.

Vanquished Creatures
  A quokka (D:1)
  2 ball pythons (D:1)
  A kobold (D:1)
  4 rats
8 creatures vanquished.

Vanquished Creatures (collateral kills)
  A gnoll (D:1)
  A ball python (D:1)
  2 endoplasms (D:1)
  A giant cockroach (D:1)
  3 hobgoblins (D:1)
  2 kobolds (D:1)
  A quokka (D:1)
  A bat (D:1)
  3 rats (D:1)
15 creatures vanquished.

Grand Total: 23 creatures vanquished

Notes
Turn   | Place    | Note
-------+----------+-------------------------------------------
     0 | D:1      | Lobster4 the Barachi Summoner began the quest for the Orb.
     0 | D:1      | Reached XP level 1. HP: 13/13 MP: 3/3
   240 | D:1      | Found a faded altar of an unknown god.
   250 | D:1      | Reached skill level 5 in Summonings
   315 | D:1      | Reached XP level 2. HP: 18/20 MP: 1/5
   318 | D:1      | Learned a level 2 spell: Call Imp
   639 | D:1      | Reached skill level 1 in Fighting
  1154 | D:1      | Reached XP level 3. HP: 10/26 MP: 2/6
  1403 | D:2      | Noticed Sigmund
  1403 | D:2      | Found Nead's Weapon Shop.
  1444 | D:2      | HP: 1/26 [gnoll (9)]
  1444 | D:2      | Frozen to death by an endoplasm

Illustrated notes

Levels and vault maps discovered:
D:1:      dpeg_arrival_shrine, layout_basic, hellmonk_ecumenical_altar_blasted
D:2:      layout_rooms, basic_altar, serial_shops, shop,
          chequers_serial_rivers_marsh, uniq_sigmund

Skill      XL: |  1  2 |
---------------+-------+-----
Summonings     | 5 |  5.4
Stealth        | 2 |  2.0
Fighting       | 1 |  1.3
Dodging        | |  2.1
Shields        | |  0.5
Spellcasting   | |  2.5

Action                   || total
-------------------------++-------
Melee: Unarmed           ||    36
       Punch             ||     2
       Short sword       ||     8
       Flail             ||     3
 Cast: Summon Small Mamm ||    25
       Call Imp          ||     5
 Stab: Distracted        ||     2
Armor: Robe              ||    15
       Leather armour    ||     1
Dodge: Dodged            ||    41
Block: Buckler           ||     2

Table legend: (Time is in decaauts)
 A = Elapsed time spent in this place.
 B = Non-inter-level travel time spent in this place.
 C = Inter-level travel time spent in this place.
 D = Time resting spent in this place.
 E = Time spent auto-exploring this place.
 F = Levels seen in this place.
 G = Mean time per level.
                   A        B        C        D        E       F      G
               +--------+--------+--------+--------+--------+-----+--------+
         Total |   1624 |   1489 |    135 |    318 |    738 |   2 |  812.0 |
       Dungeon |   1624 |   1489 |    135 |    318 |    738 |   2 |  812.0 |
               +--------+--------+--------+--------+--------+-----+--------+

Top non-repeatable levels by time:
     D:1: 1598 daAuts
     D:2: 26 daAuts
